cohdb
Replays
Latest Replays
All Replays
Popular Replays
Top Player Replays
Match Explorer
How It Works
Community
CoH3 Stats
Reddit
Sign in to upload your games and track your stats! →
Sign in with Steam
Match 44583392
Unlisted
Match 44583392
Overview
Messages
Build Orders
End
Scout Squad
Scout Squad
Construct Barracks
1⁄4-ton 4x4 Truck
Selects Armored Battlegroup
Selects Veteran Crews
Riflemen Squad
Grenade Package
Riflemen Squad
Infantry Support Center
Construct Motor Pool
M8 Greyhound Armored Car
Engineer Squad
Selects Fast Deploy
Construct Medical Station
Captain Retinue
Riflemen Squad
Advanced Logistics
Selects Seek and Destroy
M1 Anti-tank Gun Team
Selects UNKNOWN (2160077)
Construct Tank Depot
Selects Field Repairs
Selects War Machine
M4A3E8 Sherman Easy Eight
Construct Weapon Support Center
Seek and Destroy
M1919 Machine Gun Team
Riflemen Squad
M4A3E8 Sherman Easy Eight
Seek and Destroy
M18 Hellcat Tank Destroyer
ZyAcroQC
Azakura
0
0
Comments
sign in to comment!
No comments posted yet!